 Dungeon Crawl Stone Soup version 0.31-a0-981-geadf994542 (webtiles) character file.

Game seed: 1225005615343890458

144 Whiskey the Changeling (level 5, 0/36 HPs)
             Began as an Octopode Shapeshifter on Nov 2, 2023.
             Slain by Terence
             ... wielding a +0 trident
              (8 damage)
             ... on level 3 of the Dungeon.
             The game lasted 00:04:29 (1883 turns).

Whiskey the Changeling (Octopode Shapeshifter)      Turns: 1883, Time: 00:04:29

Health: 0/36       AC:  1    Str: 13    XL:     5   Next: 27%
Magic:  5/5        EV: 13    Int: 21    God:
Gold:   93         SH:  0    Dex: 11    Spells: 4/4 levels left

rFire   . . .        f - +0 dagger (flame)
rCold   . . .        (no shield)
rNeg    . . .        (helmet currently unavailable)
rPois   .            (no amulet)
rElec   .            h - +6 ring of intelligence
rCorr   .            (no ring)
SInv    .            (no ring)
Will    .....        (no ring)
Stlth   ++           (no ring)
HPRegen 0.26/turn    (no ring)
MPRegen 0.09/turn    (no ring)
                     (no ring)

%: no passive effects
@: beast-form
A: beast (slay +2), almost no armour, amphibious, 8 rings, camouflage 1,
gelatinous body 1, (nimble swimmer 1), tentacles
a: Begin Untransformation


You were on level 3 of the Dungeon.
You were a hulking beast.
You visited 1 branch of the dungeon, and saw 3 of its levels.

You collected 93 gold pieces.

Inventory:

Hand Weapons
 f - a +0 dagger of flaming (weapon)
   (You took it off a goblin on level 1 of the Dungeon)
 p - a +4 triple sword
   (You found it on level 3 of the Dungeon)
Magical Staves
 d - a staff of poison {rPois}
   (You found it on level 1 of the Dungeon)
Jewellery
 h - a +6 ring of intelligence (left tentacle)
   (You found it on level 1 of the Dungeon)
Talismans
 b - a beast talisman
 c - a flux talisman
 e - a maw talisman
   (You found it on level 1 of the Dungeon)
Wands
 o - a wand of acid (9)
   (You took it off Ijyb on level 3 of the Dungeon)
Scrolls
 g - 3 scrolls of teleportation {unknown}
 i - 2 scrolls of silence {unknown}
 j - a scroll of vulnerability {unknown}
 n - a scroll of noise {unknown}
Potions
 a - a potion of lignification {!q}
 k - a potion of heal wounds {unknown}
 l - 2 potions of berserk rage {unknown}
 m - a potion of enlightenment {unknown}
 q - a potion of haste {unknown}


   Skills:
 + Level 2.9 Fighting
 - Level 2.0 Dodging
 - Level 3.0 Unarmed Combat
 * Level 4.7 Shapeshifting


You had 4 spell levels left.
You didn't know any spells.
Your spell library contained the following spells:

 Spells                   Type           Power      Damage    Failure   Level
 Sublimation of Blood     Necr           0%         N/A       26%         2
 Wereblood                Tmut           0%         N/A       26%         2
 Summon Guardian Golem    Hex/Summ       0%         N/A       47%         3
 Orb of Destruction       Conj           0%         9d5       100%        7
 Spellforged Servitor     Conj/Summ      0%         N/A       100%        7
 Summon Hydra             Summ           0%         N/A       100%        7


Dungeon Overview and Level Annotations

Branches:
Dungeon (3/15)

Altars:

Annotations:
D:3 1 runed translucent door, Terence; sammy202020's ghost, weakling TrSh


Innate Abilities, Weirdness & Mutations

You are a hulking beast.
Your limbs bulge with bestial killing power. (Slay +2)
You cannot wear most types of armour.
You are amphibious.
You can wear up to eight rings at the same time.
Your skin changes colour to match your surroundings (Stealth+).
Your rubbery body absorbs attacks. (AC +1, EV +1)
((You are camouflaged when in or above water. (Stealth+)))
You have tentacles for arms and can constrict up to eight enemies at once.


Message History

You kill the goblin!
The endoplasm closely misses you. The adder closely misses you.
You hit the adder. You burn the adder. You grab the adder.
You constrict the adder. The adder completely misses you.
The endoplasm barely misses you.
You hit the adder. You burn the adder.
You kill the adder!
The endoplasm freezes you.
You are frozen.
You hit the endoplasm. You burn the endoplasm. You squeeze the endoplasm.
You kill the endoplasm!
You take 1 damage, and have 35/36 hp.
No target in view!
No target in view!
No target in view!
No target in view!
No target in view!
No target in view!
No target in view!
No target in view!
No target in view!
No target in view!
No target in view!
No target in view!
No target in view!
No target in view!
No target in view!
No target in view!
No target in view!
You now have 93 gold pieces (gained 3).
There is an open door here.
You see here a +0 chain mail.
A goblin comes into view. It is wielding a +0 club.
Health restored: 36 The helpless goblin fails to defend itself.
You hit the goblin. You burn the goblin.
You kill the goblin!
No target in view!
No target in view!
No target in view!
No target in view!
No target in view!
No target in view!
No target in view!
No target in view!
No target in view!
No target in view!
No target in view!
No target in view!
No target in view!
No target in view!
No target in view!
No target in view!
Terence the Incautious comes into view.
He is wielding a +0 trident.
The helpless Terence fails to defend himself.
You hit Terence but do no damage. You grab Terence.
Your squeeze misses Terence.
You constrict Terence, but do no damage.
Terence hits you with a +0 trident!
You take 7 damage, and have 29/36 hp.
You hit Terence but do no damage. You constrict Terence.
Terence hits you with a +0 trident!
You take 9 damage, and have 20/36 hp.
MASSIVE DAMAGE!!
You hit Terence but do no damage.
You constrict Terence, but do no damage.
Terence hits you with a +0 trident.
You take 1 damage, and have 19/36 hp.
You hit Terence but do no damage. You squeeze Terence.
You constrict Terence, but do no damage.
Terence hits you with a +0 trident.
You take 4 damage, and have 15/36 hp.
You are too injured to fight recklessly!
You are too injured to fight recklessly!
You are too injured to fight recklessly!
You are too injured to fight recklessly!
You are too injured to fight recklessly!
You are too injured to fight recklessly!
You are too injured to fight recklessly!
You are too injured to fight recklessly!
You are too injured to fight recklessly!
You are too injured to fight recklessly!
You are too injured to fight recklessly!
You are too injured to fight recklessly!
You are too injured to fight recklessly!
You are too injured to fight recklessly!
You are too injured to fight recklessly!
You are too injured to fight recklessly!
You hit Terence but do no damage.
You constrict Terence, but do no damage.
Terence hits you with a +0 trident.
You take 4 damage, and have 11/36 hp.
You hit Terence but do no damage. You squeeze Terence!
You constrict Terence, but do no damage.
Terence hits you with a +0 trident.
* * * LOW HITPOINT WARNING * * *
You take 3 damage, and have 8/36 hp.
You hit Terence but do no damage. You squeeze Terence.
You constrict Terence, but do no damage.
Terence hits you with a +0 trident!
You die...

.....#
###.################
###.#..............#
.)....############.#
.##.###
###.#########
....#######
#...#.......#
....#.....#
#.#.#.......#
....#.###.#
##.#.#.§§§≈..#
......# #.#
#.h..#.§≈≈§..#
....#.###.#
#@.#.#..§§§..#
....#.....#
#..#.#.).....#
....###.####
#..#.#.......#
...........#
#[.######'####
......###..#
#..##..##....#
....#.# #..#
#..##..#####.#
.##.#.#
#[.####..##.[# #.#
.##.#.#
#........##..#####.#


You could see Terence.

Vanquished Creatures
  Ijyb (D:3)
  Jessica (D:3)
  3 adders
  A worm (D:3)
  4 dart slugs
  5 ball pythons
  11 bats
  4 endoplasms
  A giant cockroach (D:1)
  5 hobgoblins
  2 quokkas (D:2)
  4 frilled lizards
  5 goblins
  2 kobolds
  5 rats
54 creatures vanquished.

Notes
Turn   | Place    | Note
-------+----------+-------------------------------------------
     0 | D:1      | Whiskey the Octopode Shapeshifter began the quest for the
                  | Orb.
     0 | D:1      | Reached XP level 1. HP: 13/13 MP: 1/1
    53 | D:1      | HP: 2/13 [goblin/+0 club (2)]
   160 | D:1      | Reached XP level 2. HP: 18/18 MP: 2/2
   507 | D:1      | Reached XP level 3. HP: 24/24 MP: 3/3
   856 | D:2      | Reached skill level 2 in Fighting
  1175 | D:2      | Reached skill level 4 in Shapeshifting
  1197 | D:2      | Reached XP level 4. HP: 16/29 MP: 4/4
  1593 | D:3      | Noticed Ijyb
  1604 | D:3      | Killed Ijyb
  1624 | D:3      | Noticed Jessica
  1633 | D:3      | Killed Jessica
  1634 | D:3      | Reached XP level 5. HP: 36/36 MP: 5/5
  1732 | D:3      | Found a runed translucent door.
  1732 | D:3      | Noticed sammy202020's ghost (weakling TrSh)
  1871 | D:3      | Noticed Terence
  1882 | D:3      | HP: 8/36 [Terence/+0 trident (3)]
  1883 | D:3      | Slain by Terence

Illustrated notes

Levels and vault maps discovered:
D:1:      minmay_arrival_jagged, layout_loops_ring
D:2:      layout_loops_ring, minmay_pentomino_p2
D:3:      layout_loops_ring, gammafunk_ghost_grave, kennysheep_generic_room_11,
          uniq_ijyb, uniq_jessica, uniq_terence

Skill      XL: |  1  2  3 |
---------------+----------+-----
Fighting       | 2 |  2.9
Shapeshifting  | 4 |  4.7
Dodging        | |  2.0
Unarmed Combat | |  3.0

Action                     |  1- 3 |  4- 6 || total
---------------------------+-------+-------++-------
  Melee: Unarmed           |    84 |    20 ||   104
         Constrict         |    21 |     8 ||    29
         Tentacles         |    10 |     8 ||    18
         Punch             |     1 |     3 ||     4
         Dagger            |       |    19 ||    19
   Stab: Sleeping          |     6 |     5 ||    11
 Armour: Skin              |    38 |    13 ||    51
  Dodge: Dodged            |    52 |    20 ||    72

Table legend: (Time is in decaauts)
 A = Elapsed time spent in this place.
 B = Non-inter-level travel time spent in this place.
 C = Inter-level travel time spent in this place.
 D = Time resting spent in this place.
 E = Time spent auto-exploring this place.
 F = Levels seen in this place.
 G = Mean time per level.
                   A        B        C        D        E       F      G
               +--------+--------+--------+--------+--------+-----+--------+
         Total |   1881 |   1847 |     34 |    120 |   1389 |   3 |  627.0 |
       Dungeon |   1881 |   1847 |     34 |    120 |   1389 |   3 |  627.0 |
               +--------+--------+--------+--------+--------+-----+--------+

Top non-repeatable levels by time:
     D:1: 838 daAuts
     D:2: 747 daAuts
     D:3: 295 daAuts

Levels and vault maps discovered:
D:1:      minmay_arrival_jagged, layout_loops_ring
D:2:      layout_loops_ring, minmay_pentomino_p2
D:3:      layout_loops_ring, gammafunk_ghost_grave, kennysheep_generic_room_11,
          uniq_ijyb, uniq_jessica, uniq_terence

Table legend: (Time is in decaauts)
 A = Elapsed time spent in this place.
 B = Non-inter-level travel time spent in this place.
 C = Inter-level travel time spent in this place.
 D = Time resting spent in this place.
 E = Time spent auto-exploring this place.
 F = Levels seen in this place.
 G = Mean time per level.
                   A        B        C        D        E       F      G
               +--------+--------+--------+--------+--------+-----+--------+
         Total |   1881 |   1847 |     34 |    120 |   1389 |   3 |  627.0 |
       Dungeon |   1881 |   1847 |     34 |    120 |   1389 |   3 |  627.0 |
               +--------+--------+--------+--------+--------+-----+--------+

Top non-repeatable levels by time:
     D:1: 838 daAuts
     D:2: 747 daAuts
     D:3: 295 daAuts

Table legend:
 A = Kills in this place as a percentage of kills in the entire game.
 B = Kills by you in this place as a percentage of kills by you in the entire game.
 C = Kills by friends in this place as a percentage of kills by friends in the entire game.
 D = Other kills in this place as a percentage of other kills in the entire game.
 E = Experience gained in this place as a percentage of experience gained in the entire game.
 F = Experience gained in this place divided by the number of levels of this place that you have seen.
                   A       B       C       D       E      F
               +-------+-------+-------+-------+-------+----------------------
         Total | 100.0 | 100.0 |   N/A |   N/A | 100.0 |  69.0
       Dungeon | 100.0 | 100.0 |   N/A |   N/A | 100.0 |  69.0
               +-------+-------+-------+-------+-------+----------------------
